[Event "*** SCC Grand Prix: Titled Tuesday Blitz"]
[Site "Chess.com"]
[Date "2020.07.21"]
[Round "10"]
[White "larisakalinina"]
[Black "nitpicker"]
[Result "0-1"]
[WhiteElo "1960"]
[BlackElo "2191"]
[TimeControl "180+1"]
[EndTime "11:59:51 PDT"]
[Termination "nitpicker won on time"]

1. e4 c5 2. Nf3 Nc6 3. d4 cxd4 4. Nxd4 Nf6 5. Nc3 d6 6. f4 Qb6 7.
Nf3 e6 8. Bd3 a6 9. a3 Be7 10.
Bd2 O-O 11. Qe2 Qc7 12. O-O b5 13. b4 Re8 14. e5 Nd7 15. Qe4 g6 16. exd6 Bxd6 17.
Ng5 Bb7 18. Qe3 Bf8 19. Qh3 Nf6 20. Nce4 Bg7 21. Nxf6+ Bxf6 22. Qxh7+ Kf8 23. Bxg6 Nd8 24. Qh6+ Bg7 25. Nh7+ Kg8 26. Nf6+ Bxf6 27. Bh7+ Kh8 28. Bd3+ Kg8 29. Qxf6 Qc6 30. Rf3 Qd6 31. Rg3+ Kf8 32. Bh7 Qd4+ 33. Qxd4 Ke7 34. Qc5+ Kd7 35. Rd3+ Bd5 36.
Be4 Rc8 0-1

[Event "*** SCC Grand Prix: Titled Tuesday Blitz"]
[Site "Chess.com"]
[Date "2020.07.21"]
[Round "10"]
[White "Haapana"]
[Black "dopolian"]
[Result "0-1"]
[WhiteElo "2323"]
[BlackElo "2422"]
[TimeControl "180+1"]
[EndTime "11:59:54 PDT"]
[Termination "dopolian won by resignation"]

1. d4 Nf6 2. c4 c5 3. d5 e6 4. Nc3 exd5 5. cxd5 d6 6. e4 g6 7. h3 Bg7 8. Nf3 O-O 9. Bd3 Bd7 10. Bf4 Re8 11. O-O b5 12. Nxb5 Bxb5 13. Bxb5 Rxe4 14. Bh2 Rb4 15. Bd3 Rxb2 16. Re1 Nbd7 17. Bxd6 Qb6 18. Be7 c4 19. Be2 c3 20. Ba3 Ne4 21. Rf1 c2 22.
Qd3 Ndc5 23. Qe3 Rb1 24. Nd4 Rxa1 25. Rxa1 Qb1+ 26. Qc1 Qxa1 27. Qxa1 Rc8 28. Bg4 f5 29. Bf3 Nd3 30. Bxe4 fxe4 31. d6 c1=Q+ 32. Bxc1 Rxc1+ 33. Qxc1 Nxc1 34. d7 Bf6 35. Nc6 Nxa2 36. d8=Q+ Bxd8 37. Nxd8 Nb4 38. Nc6 Nxc6 0-1

[Event "*** SCC Grand Prix: Titled Tuesday Blitz"]
[Site "Chess.com"]
[Date "2020.07.21"]
[Round "10"]
[White "skiff134"]
[Black "sergivila"]
[Result "1-0"]
[WhiteElo "2644"]
[BlackElo "2417"]
[TimeControl "180+1"]
[EndTime "11:59:55 PDT"]
[Termination "skiff134 won by checkmate"]

1. d4 d5 2. c4 e6 3. Nc3 Bb4 4. Nf3 Nf6 5. cxd5 exd5 6. Bg5 Qd6 7. Bxf6 Qxf6 8. Qa4+ Nc6 9. Ne5 O-O 10. Nxc6 Bxc3+ 11. bxc3 bxc6 12. e3 Qg6 13. h4 h6 14. h5 Qg5 15. g3 Bf5 16. Be2 Be4 17. Rh4 c5 18. dxc5 Rab8 19. Qd4 Qe7 20. Rg4 f6 21. Bd3 f5 22. Rg6 Rfd8 23. Rd1 Bxd3 24. Qxd3 Qxc5 25. Qxf5 Qxc3+ 26. Kf1 d4 27. Qe6+ Kh7 28.
exd4 Rf8 29. Kg1 Rb2 30. Qe7 Rg8 31. Qf7 Rd2 32. Re1 Qxd4 33. Re7 Rd1+ 34. Kh2 Rd2 35. Rxh6+ Kxh6 36. Qg6# 1-0

[Event "*** SCC Grand Prix: Titled Tuesday Blitz"]
[Site "Chess.com"]
[Date "2020.07.21"]
[Round "10"]
[White "FloMaster111"]
[Black "KingCrusher275"]
[Result "1/2-1/2"]
[WhiteElo "2284"]
[BlackElo "2389"]
[TimeControl "180+1"]
[EndTime "11:59:55 PDT"]
[Termination "Game drawn by repetition"]

1. d4 d5 2. Nf3 Nf6 3. c4 e6 4.
Qc2 Be7 5. Nc3 O-O 6. Bf4 dxc4 7. e4 b6 8. Bxc4 Ba6 9. Bxa6 Nxa6 10. O-O Nb4 11.
Qb3 c5 12. dxc5 Bxc5 13. Rad1 Qe7 14. a3 Nc6 15. Qb5 Rfc8 16. b4 e5 17. Bg5 Nd4 18. Nxd4 Bxd4 19. Nd5 Qe6 20. Bxf6 gxf6 21. Rc1 Rxc1 22.
Rxc1 Kh8 23. g3 Rc8 24. Rxc8+ Qxc8 25. Nxf6 Qc2 26. Ng4 Qxe4 27. Qe8+ Kg7 28. Qd7 Qe1+ 29. Kg2 Qe4+ 30. Kg1 h5 31. Ne3 Bxe3 32. fxe3 Qxe3+ 33. Kg2 Qxa3 34. Qe7 Qb2+ 35. Kh3 Qe2 36. Qg5+ Kh7 37.
Qf5+ Kg7 38. Qg5+ Kh7 39. Qf5+ Kg8 40. Qg5+ Kf8 41. Qd8+ Kg7 42. Qg5+ 1/2-1/2

[Event "*** SCC Grand Prix: Titled Tuesday Blitz"]
[Site "Chess.com"]
[Date "2020.07.21"]
[Round "10"]
[White "Iskusnyh"]
[Black "AlexTriapishko"]
[Result "1/2-1/2"]
[WhiteElo "2508"]
[BlackElo "2630"]
[TimeControl "180+1"]
[EndTime "11:59:56 PDT"]
[Termination "Game drawn by agreement"]

1. d4 Nf6 2. c4 g6 3. g3 c6 4. Bg2 d5 5. e3 Bg7 6. Ne2 O-O 7. O-O Bf5 8. b3 c5 9. cxd5 cxd4 10. Nxd4 Be4 11.
Nc3 Bxg2 12. Kxg2 Nxd5 13. Bb2 Nb4 14. Qf3 N8c6 15. Nxc6 Nxc6 16. Rfd1 Qa5 17. Rd5 Qa6 18. Rad1 Nb4 19. R5d2 Rac8 20. Nd5 Nxd5 21. Bxg7 Nxe3+ 22. Qxe3 Kxg7 23. Qxe7 Qc6+ 24. Kg1 Rfe8 25. Qd7 Re6 26. Qxc6 Rexc6 27. Rd7 R8c7 28. Kg2 b5 29. R1d5 Rxd7 30. Rxd7 Ra6 31. Rb7 Rxa2 32. Rxb5 h5 33. h4 Rb2 34. Kf3 Kf6 35. Rb7 a5 36. Rb5 Kg7 37. Kg2 Ra2 38.
Kf3 a4 39. bxa4 Rxa4 40. Rb7 Ra3+ 1/2-1/2

[Event "*** SCC Grand Prix: Titled Tuesday Blitz"]
[Site "Chess.com"]
[Date "2020.07.21"]
[Round "10"]
[White "ChadBiryani"]
[Black "Oglob71"]
[Result "1-0"]
[WhiteElo "2352"]
[BlackElo "2508"]
[TimeControl "180+1"]
[EndTime "11:59:57 PDT"]
[Termination "ChadBiryani won by resignation"]

1. d4 Nf6 2. Bg5 d5 3. e3 e6 4.
Bd3 Be7 5. Nd2 b6 6. Qe2 Bb7 7.
Ngf3 Ne4 8. Bf4 g5 9. Bg3 Nd7 10.
O-O-O h5 11. h3 Nxg3 12. fxg3 Bd6 13. Rhf1 Qe7 14. e4 Bxg3 15. exd5 Bxd5 16. Be4 Nf6 17. Nxg5 Nxe4 18. Ngxe4 Bxe4 19. Nxe4 Bd6 20. Nf6+ Kd8 21. Qf3 Rc8 22. Qc6 Rh6 23. Ne4 f5 24. Nc3 Qd7 25. Qf3 c6 26. g4 hxg4 27. hxg4 fxg4 28. Qxg4 Kc7 29. Ne4 Rch8 30. Nxd6 Qxd6 31. Rf7+ Kb8 32.
Qg7 R6h7 33. Rb7+ Kc8 34. Qxh7 Rxh7 35. Rxh7 Qf4+ 36. Kb1 Qf5 37. Rxa7 Kb8 38. Rg7 Qf6 39. Rh7 Qg6 40. Rhh1 Kb7 41. Rhe1 Ka6 42. Re5 Qg4 43. Ree1 Qf3 44. b3 Kb5 45. Kb2 Kb4 46. a3+ Ka5 47. Rd3 Qf5 48. Re5+ Qxe5 49. dxe5 Kb5 50. Rd6 Kc5 51.
Rxe6 Kd5 52. Rd6+ Kxe5 53. Rxc6 b5 54. Rc5+ Kd4 55. Rxb5 Ke4 56. a4 Kd4 57. c4 1-0

[Event "*** SCC Grand Prix: Titled Tuesday Blitz"]
[Site "Chess.com"]
[Date "2020.07.21"]
[Round "10"]
[White "Chopper1905"]
[Black "GMKrikor"]
[Result "1-0"]
[WhiteElo "2890"]
[BlackElo "2722"]
[TimeControl "180+1"]
[EndTime "11:59:58 PDT"]
[Termination "Chopper1905 won by resignation"]

1. f4 d5 2. Nf3 g6 3. g3 Bg7 4. Bg2 Nf6 5. O-O O-O 6. d3 b6 7. Ne5 Bb7 8. Nc3 Nbd7 9. e4 dxe4 10. Nxd7 Qxd7 11. dxe4 Qxd1 12. Rxd1 e5 13. h3 Rad8 14. Be3 Nh5 15. Kf2 Rfe8 16. f5 Bf8 17. a3 Nf6 18. g4 h6 19. Bf3 c5 20. h4 Rd4 21. g5 hxg5 22. hxg5 Nxe4+ 23. Nxe4 Bxe4 24. Bxd4 exd4 25. Re1 gxf5 26. Re2 Rd8 27. Rae1 Bxf3 28. Kxf3 Kg7 29. Re8 Rd5 30. R1e5 Rd7 31. Rxf5 c4 32. Ke2 d3+ 33.
cxd3 cxd3+ 34. Kd1 Be7 35. Rc8 Kg6 36. Re5 Bxg5 37. Rg8+ Kf6 38. Rgxg5 Rc7 39. Rgf5+ Kg6 40. Rf2 Rc5 41. Rxc5 bxc5 42. Kd2 1-0

[Event "*** SCC Grand Prix: Titled Tuesday Blitz"]
[Site "Chess.com"]
[Date "2020.07.21"]
[Round "10"]
[White "Alexander_Zubov"]
[Black "Rodalquilar"]
[Result "1-0"]
[WhiteElo "2851"]
[BlackElo "2663"]
[TimeControl "180+1"]
[EndTime "11:59:58 PDT"]
[Termination "Alexander_Zubov won by resignation"]

1. d4 d5 2. c4 dxc4 3. e3 Nf6 4.
Bxc4 g6 5. Nf3 Bg7 6. O-O O-O 7. Nc3 Ne8 8. h3 Nd6 9. Bb3 b5 10. a3 Bb7 11. Re1 Nd7 12. e4 e6 13. Bg5 Qb8 14. Rc1 h6 15. Bf4 Qd8 16. Qd2 Kh7 17. Rcd1 a5 18. Bc2 b4 19. Na4 Bc6 20. Qc1 Nxe4 21.
Rxe4 b3 22. Bd3 Bxa4 23. d5 Nb6 24. dxe6 Qf6 25. Be5 Qe7 26. Rh4 f5 27. Bxg7 Qxg7 28. Ng5+ Kg8 29. Nf7 h5 30. Bxf5 gxf5 31. Rxh5 Rxf7 32.
exf7+ Qxf7 33. Rg5+ Kh8 34. Qc3+ Kh7 35. Qg3 Qf6 36.
Qh4+ Qh6 37. Rh5 Kg7 38. Rxh6 1-0

[Event "*** SCC Grand Prix: Titled Tuesday Blitz"]
[Site "Chess.com"]
[Date "2020.07.21"]
[Round "10"]
[White "Bastiandash"]
[Black "Shuvalov"]
[Result "1-0"]
[WhiteElo "2372"]
[BlackElo "2478"]
[TimeControl "180+1"]
[EndTime "11:59:58 PDT"]
[Termination "Bastiandash won on time"]

1. d4 Nf6 2. Nf3 g6 3. c3 Bg7 4. Bg5 d6 5. Nbd2 O-O 6. e4 Nbd7 7. Be2 c5 8. O-O b6 9. Re1 Bb7 10. Bf1 h6 11. Bh4 Qc7 12. a4 Rfe8 13. e5 dxe5 14.
dxe5 Ng4 15. e6 fxe6 16. Rxe6 Nf8 17. Re1 Rad8 18. Qc2 Qc8 19. h3 Nf6 20. Ne5 g5 21. Bg3 a6 22. Rad1 Bd5 23. Ndc4 Qc6 24. Nxc6 Bxc6 25.
Ne5 Bd5 26. Bc4 Bxc4 27. Nxc4 b5 28. axb5 axb5 29. Ne3 e6 30. Ng4 Nxg4 31. hxg4 c4 32. Kh2 Kf7 33. Qe2 Bf6 34. Qf3 Kg6 35.
Qe4+ Kf7 36. Be5 Bxe5+ 37. Qxe5 Ng6 38. Qe4 Nf4 39. g3 Ng6 40. Rxd8 Rxd8 41. Qxe6+ Kg7 42. Re2 Rf8 43. Qb6 Rf7 44. Qxb5 Rc7 45. Qb6 Rf7 46. Qe6 Nf8 47. Qe5+ Kg8 48. Kg2 Ng6 49. Qd5 Kg7 50. Qxc4 Rd7 51. b4 1-0

[Event "*** SCC Grand Prix: Titled Tuesday Blitz"]
[Site "Chess.com"]
[Date "2020.07.21"]
[Round "10"]
[White "ChessicallyInclined"]
[Black "OK97"]
[Result "1-0"]
[WhiteElo "2522"]
[BlackElo "2767"]
[TimeControl "180+1"]
[EndTime "11:59:59 PDT"]
[Termination "ChessicallyInclined won by checkmate"]

1. d4 d6 2. e4 Nf6 3. Nc3 g6 4.
f4 Bg7 5. a3 O-O 6. Nf3 c5 7.
dxc5 Qa5 8. b4 Qd8 9. Bd2 dxc5 10. e5 Nfd7 11. Bd3 cxb4 12. axb4 Nc6 13. Ne4 Nb6 14. Qe2 Bg4 15. c3 f6 16. exf6 exf6 17. O-O Re8 18. h3 Bf5 19. Be1 Kh8 20. Qc2 Nd5 21. Bd2 Rc8 22.
Nc5 Bxd3 23. Qxd3 b6 24. Nb3 Ne3 25. Qxd8 Rcxd8 26. Rfe1 Nc4 27. Rxe8+ Rxe8 28. Re1 Rd8 29. Bc1 f5 30. b5 N6a5 31. Nbd4 h6 32. Re7 Bf8 33.
Rxa7 Bc5 34. Kh2 Nd6 35. Ne5 g5 36. Ne6 Re8 37. Ng6+ Kg8 38. Rg7# 1-0

[Event "*** SCC Grand Prix: Titled Tuesday Blitz"]
[Site "Chess.com"]
[Date "2020.07.21"]
[Round "10"]
[White "SilviusTiberius"]
[Black "Omk124"]
[Result "0-1"]
[WhiteElo "2474"]
[BlackElo "2367"]
[TimeControl "180+1"]
[EndTime "12:00:01 PDT"]
[Termination "Omk124 won on time"]

1. e4 g6 2. d4 Bg7 3. Nc3 c6 4.
Nf3 d6 5. Be3 Nf6 6. Qd2 Qa5 7.
Bd3 Bg4 8. Bh6 Bxh6 9. Qxh6 Qb4 10. e5 dxe5 11. dxe5 Qxb2 12. Kd2 Nd5 13. Nxd5 cxd5 14. Rhb1 Qa3 15. Rxb7 Nc6 16. Rab1 Qxa2 17. e6 Bxe6 18. Qg7 O-O-O 19. Ra1 Qxa1 20. Qxa1 Kxb7 21. Qa6+ Kc7 22.
Bb5 Rd6 23. Bxc6 Rxc6 24. Qxa7+ Kd6 25. Nd4 Rhc8 26. Nb5+ Ke5 27. Qd4+ Kf5 28. g4+ Kg5 29. Qe5+ Kh6 30. Nd4 Rc4 31. g5+ Kh5 32. h4 R8c7 33. Qg7 Kg4 34. f3+ Kf4 35. Ne2+ Kxf3 36. Qe5 Rxc2+ 37. Kd3 Bf5+ 38. Kd4 Rxe2 39. Qxd5+ Re4+ 40. Kd3 Rd7 41. Qxd7 Bxd7 0-1

[Event "*** SCC Grand Prix: Titled Tuesday Blitz"]
[Site "Chess.com"]
[Date "2020.07.21"]
[Round "10"]
[White "knightmare7724"]
[Black "1f3_2g41-0"]
[Result "1-0"]
[WhiteElo "2595"]
[BlackElo "2392"]
[TimeControl "180+1"]
[EndTime "12:00:02 PDT"]
[Termination "knightmare7724 won by resignation"]

1. e4 c5 2. Nf3 d6 3. d4 cxd4 4. Nxd4 Nf6 5. Nc3 a6 6. h3 e5 7. Nde2 h5 8. Bg5 Be7 9. Bxf6 Bxf6 10. Nd5 O-O 11. c4 Nc6 12. Nec3 Nd4 13. Bd3 b5 14.
O-O Rb8 15. cxb5 axb5 16. Qxh5 Be6 17. b4 Bg5 18. Kh1 Bd2 19. Qd1 Bxd5 20. Nxd5 Bh6 21. a4 bxa4 22. Qxa4 Qh4 23. Qd7 Nb3 24. Ne7+ Kh8 25.
Nf5 Qf4 26. Rad1 Rxb4 27. Qxd6 Rbb8 28. Nxh6 gxh6 29. Bc4 Rfd8 30. Qxd8+ Rxd8 31. Rxd8+ Kg7 32. Bxb3 Qxe4 33. Rdd1 f5 34. Bd5 Qf4 35. g3 Qg5 36. Kg2 e4 37. Rc1 Qh5 38. Rc7+ Kf6 39. Bc4 Qf3+ 40.
Kg1 h5 41. Rf7+ Ke5 42. Ra1 e3 43. Re7+ Kd4 44. Rxe3 Qb7 45. Bf1 f4 46. Rd1+ Kc5 47. Rc3+ Kb4 48. Rb1+ Kxc3 49. Rxb7 1-0

[Event "*** SCC Grand Prix: Titled Tuesday Blitz"]
[Site "Chess.com"]
[Date "2020.07.21"]
[Round "10"]
[White "fmshawnrl123"]
[Black "EvgenyT"]
[Result "0-1"]
[WhiteElo "2661"]
[BlackElo "2901"]
[TimeControl "180+1"]
[EndTime "12:00:03 PDT"]
[Termination "EvgenyT won on time"]

1. c4 e5 2. g3 f5 3. d4 d6 4. Bg2 Nf6 5. Nc3 Be7 6. Nf3 e4 7. Ng5 c6 8. d5 Na6 9. O-O O-O 10. b3 Nc7 11. f3 Nfxd5 12. cxd5 Bxg5 13. dxc6 Bf6 14. Bb2 d5 15. cxb7 Bxb7 16. fxe4 dxe4 17. Qc2 Nd5 18. Nxd5 Qxd5 19. Rad1 Qb5 20. Bxf6 Rxf6 21. Qc7 Rc8 22. Qe7 Qb6+ 23. Kh1 Rf7 24. Qg5 g6 25. h4 Kg7 26. h5 Qf6 27. h6+ Kf8 28. Qd2 g5 29. Qb4+ Qe7 30. Qd4 Qf6 31. Qb4+ Qe7 32. Qd4 Kg8 33. Qxa7 Qf6 34. Qa3 Qxh6+ 35. Kg1 f4 36. Rd6 Qg7 37. gxf4 gxf4 38.
Kh2 Qg3+ 39. Kh1 Rg7 40. Rg1 Qh4+ 0-1

[Event "*** SCC Grand Prix: Titled Tuesday Blitz"]
[Site "Chess.com"]
[Date "2020.07.21"]
[Round "10"]
[White "SCIM"]
[Black "chessdjw"]
[Result "0-1"]
[WhiteElo "2566"]
[BlackElo "2679"]
[TimeControl "180+1"]
[EndTime "12:00:05 PDT"]
[Termination "chessdjw won by resignation"]

1. d4 Nf6 2. c4 g6 3. Nc3 Bg7 4. e4 O-O 5. Bg5 d6 6. f3 c5 7. d5 h6 8. Be3 e6 9. Qd2 exd5 10. cxd5 a6 11. a4 Re8 12. Nge2 Nbd7 13. Nd1 Ne5 14. Nec3 Rb8 15. Be2 Bd7 16. a5 Nh5 17. O-O g5 18. Nf2 Kh8 19. Rab1 f5 20. exf5 Bxf5 21. Nfe4 Nf6 22.
b4 Nxe4 23. fxe4 cxb4 24. Rxb4 Bg6 25. Rb6 Rc8 26. Bd4 Re7 27. Rfb1 Rcc7 28. h3 Kh7 29. Kh2 Qh8 30. R1b4 Nd7 31. Rxd6 Bxd4 32. Rxd4 Qe5+ 33. Kh1 Qxd6 34. e5 Nxe5 35. Ne4 Bxe4 36. Rxe4 Kg7 37. Qd4 Rc1+ 38. Kh2 Kh7 39. g3 Rc2 40. Re3 Qc5 41. Qe4+ Kg7 42. h4 Ng6 0-1

[Event "*** SCC Grand Prix: Titled Tuesday Blitz"]
[Site "Chess.com"]
[Date "2020.07.21"]
[Round "10"]
[White "Hikaru"]
[Black "RaunakSadhwani2005"]
[Result "1-0"]
[WhiteElo "3253"]
[BlackElo "3005"]
[TimeControl "180+1"]
[EndTime "12:00:06 PDT"]
[Termination "Hikaru won by resignation"]

1. Nf3 d5 2. e3 Nf6 3. c4 c6 4. d4 g6 5. Bd3 Bg7 6. Nbd2 O-O 7. O-O Nbd7 8. b3 b6 9. Bb2 Bb7 10. Rc1 e6 11. c5 bxc5 12. dxc5 Qe7 13. b4 e5 14. e4 dxe4 15. Nxe4 Nxe4 16. Bxe4 Nf6 17. Bc2 Ba6 18. Nxe5 Bxf1 19. Qxf1 Qb7 20. Bb3 Ng4 21. Nxg4 Bxb2 22. Rb1 Bd4 23. Qc4 Rad8 24. h3 Bg7 25. a3 Rd4 26. Nh6+ Kh8 27. Nxf7+ Rxf7 28.
Qxf7 Qxf7 29. Bxf7 Rd2 30. g3 Bd4 31. Rf1 Rd3 32. Kg2 Rxa3 33. Rd1 Bc3 34. b5 cxb5 35.
Rd7 Ba5 36. Rxa7 Bb4 37. Rc7 Rc3 38. c6 Bd6 39. Rc8+ Kg7 40. Bd5 Kf6 41. Re8 Be5 42.
f4 Bd4 43. Re6+ Kg7 44. Re7+ Kf8 45. Rxh7 b4 46. Rb7 1-0

[Event "*** SCC Grand Prix: Titled Tuesday Blitz"]
[Site "Chess.com"]
[Date "2020.07.21"]
[Round "10"]
[White "alexrustemov"]
[Black "nikitakhoroshev"]
[Result "1-0"]
[WhiteElo "2697"]
[BlackElo "2550"]
[TimeControl "180+1"]
[EndTime "12:00:06 PDT"]
[Termination "alexrustemov won by checkmate"]

1. d4 Nf6 2. c4 d6 3. Nf3 Nbd7 4. Nc3 e5 5. g3 c6 6. Qc2 Be7 7. Bg2 O-O 8. O-O Re8 9. Rd1 Qc7 10. h3 a6 11. Be3 h6 12. Rac1 Bf8 13. dxe5 dxe5 14.
Na4 b5 15. cxb5 axb5 16. Nc3 Qb8 17. Nd2 Ra6 18. a4 bxa4 19. Nxa4 Bb7 20. Nc4 Nd5 21. Bd2 Qa7 22. b3 Nc5 23. Nxc5 Bxc5 24. e3 Ra2 25. Qb1 Nb4 26. Bxb4 Bxb4 27. Nd6 Bxd6 28. Rxd6 Qa3 29. Rcd1 Rb2 30. Qf5 Bc8 31. Qe4 Qxb3 32. Rd8 Qe6 33. Qxc6 Qxc6 34. Bxc6 Rf8 35. Rxf8+ Kxf8 36. Rd8+ Ke7 37. Rxc8 Rb1+ 38. Kg2 Rc1 39. Bb7 Rb1 40. Bf3 f5 41. Rc7+ Kf6 42. Bd5 e4 43.
Rc6+ Ke5 44. Bf7 f4 45. gxf4+ Kf5 46. Bg6# 1-0

[Event "*** SCC Grand Prix: Titled Tuesday Blitz"]
[Site "Chess.com"]
[Date "2020.07.21"]
[Round "10"]
[White "seorobert1971"]
[Black "Bayernbk"]
[Result "1-0"]
[WhiteElo "2694"]
[BlackElo "2532"]
[TimeControl "180+1"]
[EndTime "12:00:06 PDT"]
[Termination "seorobert1971 won by resignation"]

1. c4 e6 2. Nc3 d5 3. d4 Nf6 4.
Nf3 c5 5. cxd5 Nxd5 6. g3 Be7 7. Bg2 O-O 8. O-O Nc6 9. Nxd5 exd5 10. dxc5 Bxc5 11. Bg5 f6 12. Bd2 Be6 13. Rc1 Qe7 14. Bc3 Rfd8 15. Nd4 Nxd4 16. Bxd4 Rac8 17. Bxc5 Rxc5 18.
Qd4 Rdc8 19. Rcd1 b6 20. e3 Qf7 21. Rd2 a5 22. h4 Rc4 23. Qd3 R4c5 24. Rfd1 Rc1 25.
Bxd5 Bxd5 26. Qxd5 Qxd5 27. Rxd5 Rxd1+ 28. Rxd1 Rc2 29. Rb1 Kf7 30. Kg2 f5 31. Kf3 Kf6 32. a4 g6 33. b3 Ke5 34. Rd1 Rc3 35. Rb1 Kf6 36.
Rb2 h6 37. Ke2 g5 38. hxg5+ hxg5 39. Kd2 Rc8 40. Rc2 Rd8+ 41. Ke2 Rd6 42. Rc8 g4 43. Rc4 Ke5 44. Rf4 Rc6 45. Kd3 Rd6+ 46. Rd4 Rc6 47. Rd8 Rh6 48. Kc4 Rh2 49. Rd2 Rh1 50. Kb5 Rb1 51. Rd3 Ke4 52. Rd4+ Ke5 53. Kxb6 Rxb3+ 54. Kxa5 Rb2 55. Rf4 Ke6 56. Ka6 Ke5 57. a5 Rb3 58. Ka7 Rb2 59. a6 Rb3 60. Ka8 Rb2 61. a7 Rb5 62.
Rc4 Kd5 63. Rc7 Ke4 64. Rb7 Ra5 65. Rb4+ Ke5 66. Kb7 1-0

[Event "*** SCC Grand Prix: Titled Tuesday Blitz"]
[Site "Chess.com"]
[Date "2020.07.21"]
[Round "10"]
[White "GukeshDommaraju"]
[Black "TigrVShlyape"]
[Result "0-1"]
[WhiteElo "2718"]
[BlackElo "2878"]
[TimeControl "180+1"]
[EndTime "12:00:07 PDT"]
[Termination "TigrVShlyape won by resignation"]

1. d4 Nf6 2. c4 g6 3. g3 Bg7 4. Bg2 d6 5. Nc3 O-O 6. Nf3 Nc6 7. O-O e5 8. dxe5 dxe5 9. Bg5 Be6 10. Qa4 Qc8 11.
Rfd1 Nd7 12. Nd5 Re8 13. Be3 h6 14. Nd2 Nd8 15. Ne4 f5 16. Nc5 c6 17. Nxd7 Bxd7 18. Nc3 Be6 19. Rac1 Nf7 20. b4 e4 21. Bd4 Ne5 22. b5 c5 23. Bxe5 Bxe5 24. Nd5 b6 25. e3 Qb7 26. Rd2 g5 27. Rcd1 Qg7 28. Qc2 Rf8 29.
g4 fxg4 30. Bxe4 Rae8 31. Bg6 Bf7 32. Bxf7+ Qxf7 33. Kf1 h5 34. Qe4 Bxh2 35. Qg2 Be5 36. Ke2 Qf3+ 37. Qxf3 gxf3+ 38. Kf1 g4 39. Rd3 h4 40.
Kg1 g3 41. Nc3 g2 42. Ne4 h3 43. Ng3 Bxg3 0-1

[Event "*** SCC Grand Prix: Titled Tuesday Blitz"]
[Site "Chess.com"]
[Date "2020.07.21"]
[Round "10"]
[White "biostatistician"]
[Black "MestreSoares"]
[Result "1-0"]
[WhiteElo "2565"]
[BlackElo "2097"]
[TimeControl "180+1"]
[EndTime "12:00:07 PDT"]
[Termination "biostatistician won by resignation"]

1. d4 Nf6 2. Nf3 c5 3. d5 d6 4. c4 g6 5. Nc3 Bg7 6. e4 O-O 7.
Bd3 Nbd7 8. h3 a6 9. O-O Ne8 10. a4 Ne5 11. Nxe5 Bxe5 12. Bh6 Ng7 13. f4 Bd4+ 14.
Kh2 f6 15. Qf3 e5 16. dxe6 Bxe6 17. Rae1 Bd7 18. Nd5 Bc6 19. f5 g5 20. h4 Bxd5 21. exd5 Be5+ 22. Kh1 gxh4 23. Qg4 Qd7 24. Qxh4 Kh8 25. Re4 Rg8 26. Rg4 Raf8 27. Rf3 Ne8 28. b3 a5 29. Bxf8 Rxf8 30. Qh6 Qf7 31. Rh3 Rg8 32.
Rgh4 Rg7 33. Be2 Qe7 34. Bh5 Bd4 35. Qd2 Kg8 36. Bxe8 Qxe8 37. Rf3 b6 38. Rf1 Be5 39. Qe2 Qf7 40. Rf3 Rg5 41. Rfh3 Rg7 42. Qh5 Qe7 43. Rg4 Rxg4 44. Qxg4+ Qg7 45. Rh4 Kf8 46. Qxg7+ Kxg7 47. Rg4+ Kf7 48. g3 Bd4 49. Kg2 Be5 50. Kh3 Bc3 51. Kh4 Bd4 52. Kh5 Be3 53. Re4 Bf2 54. g4 Bg3 55. Kh6 Be5 56. Kxh7 1-0

[Event "*** SCC Grand Prix: Titled Tuesday Blitz"]
[Site "Chess.com"]
[Date "2020.07.21"]
[Round "10"]
[White "chargemax23"]
[Black "Thipsay"]
[Result "1-0"]
[WhiteElo "2608"]
[BlackElo "2467"]
[TimeControl "180+1"]
[EndTime "12:00:08 PDT"]
[Termination "chargemax23 won by resignation"]

1. e4 e5 2. Nf3 Nc6 3. Bb5 a6 4. Ba4 Nf6 5. d3 b5 6. Bb3 Be7 7. O-O O-O 8. a4 Rb8 9. axb5 axb5 10. Nc3 d6 11. h3 Be6 12. Nd5 Qd7 13. c3 Bd8 14. Re1 Bxd5 15. exd5 Ne7 16. c4 bxc4 17. dxc4 Ng6 18. Bc2 Kh8 19. Ng5 Ng8 20. Ra7 Bxg5 21. Bxg5 Rxb2 22. Ba4 Qc8 23. Bc6 f5 24. Ra8 Rb8 25.
Rxb8 Qxb8 26. Bd2 N8e7 27. Bb5 f4 28. Bc3 f3 29. g3 Nf5 30. Kh2 Qc8 31. c5 Nh6 32.
Bd3 Ng4+ 33. hxg4 Qxg4 34. Re4 Nf4 35. Bf1 Rf6 36. Qa4 Qh5+ 37. Kg1 h6 38. Rxf4 exf4 39.
Bxf6 fxg3 40. Bxg7+ Kxg7 41. Qd4+ Kf8 42. fxg3 Qf5 43.
Qf4 Qxf4 44. gxf4 dxc5 45. Kf2 Ke7 46. Kxf3 Kd6 47. Ke4 Ke7 48. Ke5 1-0

[Event "*** SCC Grand Prix: Titled Tuesday Blitz"]
[Site "Chess.com"]
[Date "2020.07.21"]
[Round "10"]
[White "CroissantNeuf"]
[Black "Fischerev7"]
[Result "1-0"]
[WhiteElo "2448"]
[BlackElo "2346"]
[TimeControl "180+1"]
[EndTime "12:00:08 PDT"]
[Termination "CroissantNeuf won by resignation"]

1. e4 c5 2. Nf3 d6 3. Bb5+ Nd7 4. Ba4 Nf6 5. O-O Qc7 6. Re1 e6 7. c3 Be7 8. d4 O-O 9. Nbd2 a6 10. Nf1 b5 11.
Bc2 Bb7 12. Bg5 Rac8 13. Rc1 e5 14. Ng3 Rfe8 15. Nf5 Nf8 16. h3 Ng6 17. Nh2 h6 18. Bd2 Bf8 19. Ng4 Nxg4 20. Qxg4 Rcd8 21. h4 Kh7 22. h5 Ne7 23. dxe5 dxe5 24. Rcd1 Bc8 25.
Be3 g6 26. hxg6+ fxg6 27. Qf3 gxf5 28. exf5 Kh8 29. f6 Nc6 30. f7 Re7 31. Qf6+ Bg7 32. Qg6 e4 33. Bxe4 Rxe4 34. Qxe4 Bb7 35. Qe8+ Kh7 36. Rxd8 Qxd8 37. Bxc5 Qf6 38. f8=Q Bxf8 39. Bxf8 Ne5 40. Qxe5 Qxf8 41. Qe7+ Qg7 42. Qxg7+ Kxg7 43. Re7+ Kf6 44. Rxb7 1-0

[Event "*** SCC Grand Prix: Titled Tuesday Blitz"]
[Site "Chess.com"]
[Date "2020.07.21"]
[Round "10"]
[White "WPWPWP-2015"]
[Black "diablanni"]
[Result "0-1"]
[WhiteElo "2409"]
[BlackElo "2347"]
[TimeControl "180+1"]
[EndTime "12:00:09 PDT"]
[Termination "diablanni won on time"]

1. e4 c5 2. Nf3 Nc6 3. d4 cxd4 4. Nxd4 g6 5. c4 Nf6 6. Nc3 d6 7. Be2 Nxd4 8. Qxd4 Bg7 9. Be3 O-O 10. Qd2 a5 11. O-O a4 12. h3 Be6 13. Rac1 Qa5 14. f3 Rfc8 15. Nd5 Qxd2 16. Bxd2 Nxd5 17. exd5 Bd4+ 18. Kh2 Bd7 19. Bc3 Bxc3 20. Rxc3 e5 21. f4 f6 22. fxe5 fxe5 23. Rf6 Ra6 24. c5 Kg7 25. Rcf3 Bf5 26. Bxa6 Kxf6 27. Bxb7 Rxc5 28. g4 Rc2+ 29. Kg3 Rxb2 30. Bc8 e4 31. Rf4 Rc2 32.
Be6 Rc3+ 33. Kg2 Ke5 34. Rf1 Bxe6 35. dxe6 Kxe6 36. g5 Rc2+ 37. Kg3 Ke5 38. Rf7 Rc3+ 39. Kg4 Rf3 40. Rxh7 Rf5 41. Rg7 e3 42. Re7+ Kd4 43.
h4 Re5 0-1

[Event "*** SCC Grand Prix: Titled Tuesday Blitz"]
[Site "Chess.com"]
[Date "2020.07.21"]
[Round "10"]
[White "Matveev_Vladimir"]
[Black "Shield12"]
[Result "0-1"]
[WhiteElo "2675"]
[BlackElo "2852"]
[TimeControl "180+1"]
[EndTime "12:00:10 PDT"]
[Termination "Shield12 won by resignation"]

1. d4 d5 2. c4 e6 3. Nf3 Nf6 4. g3 dxc4 5. Bg2 Bd7 6. Ne5 Bc6 7.
Nxc6 Nxc6 8. e3 Qd7 9. O-O h5 10.
Nd2 h4 11. Nxc4 hxg3 12. hxg3 O-O-O 13. Qb3 Nd5 14. Rd1 f5 15. Ne5 Nxe5 16. dxe5 Bc5 17. Bd2 Kb8 18. Rac1 Bb6 19. a4 a5 20. Be1 g5 21. Bc3 Qh7 22. Bd4 Qe7 23. Bxb6 Nxb6 24. Qc3 Rxd1+ 25. Rxd1 Qb4 26. Qxb4 axb4 27. b3 c6 28. Rd6 Re8 29. e4 fxe4 30. Bxe4 Kc7 31. Kg2 g4 32. Kf1 Nd7 33. Rd4 c5 34. Rc4 b6 35.
Bc2 Nxe5 36. Re4 Kd6 37. Ke2 Rh8 38. Bd3 Rh1 39. Ba6 Rb1 40. Re3 Nf3 41. Bc4 Re1+ 42. Kd3 Ne5+ 43. Ke4 Rxe3+ 0-1

[Event "*** SCC Grand Prix: Titled Tuesday Blitz"]
[Site "Chess.com"]
[Date "2020.07.21"]
[Round "10"]
[White "ural58"]
[Black "Artem_Sadovsky"]
[Result "1-0"]
[WhiteElo "2534"]
[BlackElo "2502"]
[TimeControl "180+1"]
[EndTime "12:00:12 PDT"]
[Termination "ural58 won on time"]

1. e4 c6 2. b3 d5 3. Qe2 dxe4 4. Nc3 Nf6 5. Nxe4 Nxe4 6. Qxe4 Nd7 7. Bb2 Nf6 8. Qe5 e6 9. Qg3 Bb4 10. Bd3 Bxd2+ 11. Kf1 Bh6 12. Rd1 Qe7 13. Be5 Nd5 14.
c4 Nb6 15. Nf3 Nd7 16. Bxg7 Rg8 17. Bxh6 Rxg3 18. hxg3 f6 19. Bf4 Nf8 20. Bd6 Qd8 21. Bxf8 Kxf8 22. Rxh7 Kg8 23. Rh4 f5 24. Ke2 Qf6 25.
g4 e5 26. g5 Qg7 27. c5 e4 28.
Bc4+ Kf8 29. Nd4 Bd7 30. f4 exf3+ 31. Nxf3 Re8+ 32. Kf2 Qb2+ 33. Rd2 Qc3 34. Rxd7 Qe3+ 35. Kg3 Re7 36. Rh8+ Kg7 37. Rg8+ Kh7 38. g6+ Kh6 39. Rxe7 Qxe7 40. g7 Kh7 41. Rf8 1-0